 Dungeon Crawl Stone Soup version 0.26.1-11-gd32895ea62 (webtiles) character file.

Game seed: 7692314293358187233

53 thatshaggymatt the Sneak (level 3, 0/18 HPs)
             Began as a Spriggan Brigand on May 12, 2021.
             Slain by a goblin
             ... wielding a +0 dagger of speed
              (4 damage)
             ... on level 2 of the Dungeon.
             The game lasted 00:04:46 (923 turns).

thatshaggymatt the Sneak (Spriggan Brigand)          Turns: 923, Time: 00:04:47

Health: 0/18       AC:  3    Str:  7    XL:     3   Next: 64%
Magic:  4/4        EV: 17    Int: 12    God:
Gold:   70         SH:  0    Dex: 18    Spells: 2/2 levels left

rFire    . . .     SeeInvis +   a - +2 dagger
rCold    . . .     Faith    .   (shield restricted)
rNeg     . . .     Spirit   .   b - +0 robe
rPois    .         Reflect  .   (helmet restricted)
rElec    .         Harm     .   c - +0 cloak
rCorr    .         Rampage  .   (gloves unavailable)
Will     .....                  (boots unavailable)
Stlth    ++++......             (no amulet)
HPRegen  0.06/turn              (no ring)
MPRegen  0.09/turn              (no ring)

@: lethally poisoned (0 -> -5), very quick
A: very small, unfitting armour, see invisible, speed 3
a: no special abilities


You were on level 2 of the Dungeon.
You visited 1 branch of the dungeon, and saw 2 of its levels.

You collected 70 gold pieces.

Inventory:

Hand Weapons
 a - a +2 dagger (weapon)
 l - a +0 hunting sling
Missiles
 d - 8 poisoned darts (quivered)
 e - 2 curare-tipped darts
Armour
 b - a +0 robe (worn)
 c - a +0 cloak (worn)
Scrolls
 f - 2 scrolls of teleportation {unknown}
 k - a scroll of remove curse {unknown}
Potions
 g - a potion of haste {unknown}
 h - a potion of attraction {unknown}
 i - 2 potions of curing {unknown}
 j - a potion of degeneration {unknown}


   Skills:
 + Level 1.9 Fighting
 * Level 2.9 Short Blades
 + Level 2.2 Throwing
 + Level 1.7 Dodging
 + Level 7.1 Stealth


You had 2 spell levels left.
You didn't know any spells.
Your spell library was empty.

Dungeon Overview and Level Annotations

Branches:
Dungeon (2/15)

Altars:
Uskayaw


Innate Abilities, Weirdness & Mutations

You are very small and have problems with some larger weapons.
You are too small for most types of armour.
You have supernaturally acute eyesight. (SInv)
You cover ground extremely quickly.


Message History

The goblin shouts!
You hit the adder.
The adder is almost dead.
You feel sick. The adder barely misses you.
You miss the adder.
The adder is almost dead.
The adder bites you.
You are too injured to fight recklessly!
You are too injured to fight recklessly!
You hit the adder.
You kill the adder!
You feel sick.
A goblin comes into view.
The goblin hits you but does no damage.
You barely miss the goblin.
The goblin hits you with a +0 dagger of speed.
* * * LOW HITPOINT WARNING * * *
You closely miss the goblin.
The goblin hits you with a +0 dagger of speed.
You die...

#. #. #g #. # #. #.# #
##.## #.#
###.#.g.##!#.## ##.#
.......@..# #.. ....
###.#....## #.### ####
........## ##..#
###......## ##...#######
.......##.###...........
####### ##.#)###########
##.## ###


You could see 2 goblins.

Vanquished Creatures
  2 adders (D:2)
  An ooze (D:1)
  A dart slug (D:1)
  A leopard gecko (D:1)
  5 goblins
  2 jackals (D:1)
  3 bats (D:1)
  3 frilled lizards (D:1)
  5 kobolds (D:1)
  6 rats
29 creatures vanquished.

Notes
Turn   | Place    | Note
-------+----------+-------------------------------------------
     0 | D:1      | thatshaggymatt the Spriggan Brigand began the quest for the
                  | Orb.
     0 | D:1      | Reached XP level 1. HP: 10/10 MP: 2/2
    46 | D:1      | Reached skill level 6 in Stealth
   226 | D:1      | Reached XP level 2. HP: 14/14 MP: 3/3
   641 | D:1      | Found a hide-covered altar of Uskayaw.
   648 | D:1      | Reached XP level 3. HP: 18/18 MP: 4/4
   904 | D:2      | Reached skill level 7 in Stealth
   923 | D:2      | Slain by a goblin

Illustrated notes

Levels and vault maps discovered:
D:1:      tarquinn_simple_flora_water_f, layout_basic, kennysheep_flooded_box
D:2:      layout_loops_ring, serial_rivers, chequers_serial_rivers_large_b,
          chequers_serial_rivers_small_a, chequers_serial_rivers_small_3,
          chequers_serial_rivers_room_a

Skill      XL: |  1  2  3 |
---------------+----------+-----
Stealth        | 6 7 |  7.1
Fighting       | |  1.9
Short Blades   | |  2.9
Throwing       | |  2.2
Dodging        | |  1.7

Action                   || total
-------------------------++-------
Melee: Dagger            ||    79
 Stab: Sleeping          ||    11
Armor: Robe              ||    10
Dodge: Dodged            ||    50
